cohdb
Replays
Latest Replays
All Replays
Popular Replays
Top Player Replays
Match Explorer
How It Works
Community
CoH3 Stats
Reddit
Sign in to upload your games and track your stats! →
Sign in with Steam
Match 42920505
Unlisted
Match 42920505
Overview
Messages
Build Orders
End
Kettenkrad Recon Vehicle
Construct Infanterie Kompanie
Selects Terror Battlegroup
Selects Machine Gun Camouflage
Grenadier Squad
MG 42 Machine Gun Team
GrW 34 Mortar Team
Construct Panzergrenadier Kompanie
Panzergrenadier Squad
Pak 40 Anti-tank Gun Team
Support Elements
StuG III G Assault Gun
Panzergrenadier Officer Quarters
Kettenkrad Recon Vehicle
Medical Station
Construct Panzer Kompanie
Stoßtruppen Squad
MG 42 Bunker
MarcusGOW
pp123p
AI
HeyGuys! I_Guess_That's_it
QSC
Shrugged
diritar
皮諾可這個直接電死
0
0
Comments
sign in to comment!
No comments posted yet!